AoeStats
← LA AMIGA FEA

Arena

509913685Analyzed
3v3 RM · 4d ago on Sep 28, 2026· 58m 44s· 6 players
Game mode
Random Map
Map size
Normal (6 player)
Population
200
Speed
Normal
Resources
Standard
Victory
Conquest
Starting age
Dark Age
Ending age
Imperial Age
RankedLock teamsTeams togetherTeam positionsShared explorationLock speedFull tech treeHidden civsTurbo modeCheats
Victory
Defeat
🇨🇳 Lithuanians · China
906
+17
🇨🇳 Franks · China
906
+17
🇭🇰 Persians · Hong Kong SAR China
905
+17
🇪🇸 Lithuanians · Spain
1059
-23
🇪🇸 Britons · Spain
851
-14
🇪🇸 Aztecs · Spain
843
-14
Ming
0:26 Loom
10:54 Feudal Age
17:25 Castle Age
15:52 Horse Collar
16:37 Stone Mining
23:14 Gold Mining
29:47 Imperial Age
28:18 Wheelbarrow
27:47 Double-Bit Axe
28:46 Bow Saw
29:04 Heavy Plow
31:35 Crop Rotation
31:42 Stone Shaft Mining
31:06 Elite Leitis
33:44 Forging
33:40 Scale Barding Armor
33:56 Hand Cart
35:42 Two-Man Saw
37:16 Bloodlines
37:07 Husbandry
37:58 Chain Barding Armor
38:14 Iron Casting
39:23 Fletching
40:42 Plate Barding Armor
40:37 Elite Skirmisher
42:12 Bodkin Arrow
43:39 Bracer
45:34 Tower Shields
45:09 Pikeman
45:21 Light Cavalry
47:15 Padded Archer Armor
48:49 Hoardings
51:02 Squires
53:03 Halberdier
53:51 Scale Mail Armor
55:38 Chain Mail Armor
彬彬有礼
0:31 Loom
12:03 Feudal Age
16:43 Castle Age
15:27 Double-Bit Axe
17:45 Wheelbarrow
20:44 Bow Saw
32:29 Imperial Age
30:27 Gold Mining
30:28 Stone Mining
30:39 Pikeman
31:20 Squires
31:22 Husbandry
32:37 Hand Cart
33:37 Forging
33:33 Scale Barding Armor
34:10 Scale Mail Armor
35:08 Gold Shaft Mining
34:39 Arson
34:17 Cavalier
37:36 Conscription
37:08 Halberdier
37:54 Elite Skirmisher
39:28 Chain Barding Armor
39:43 Iron Casting
40:04 Chivalry
39:26 Elite Throwing Axeman
42:17 Plate Barding Armor
42:43 Blast Furnace
42:45 Chemistry
42:06 Ballistics
42:13 Ordonnance Companies
42:47 Cranequins
42:47 Heavy Mounted Crossbowman
44:42 Heavy Scorpion
45:38 Paladin
49:26 Treadmill Crane
49:57 Masonry
53:47 Gambesons
58:52 Caravan
旺旺
10:16 Feudal Age
11:09 Double-Bit Axe
18:13 Castle Age
16:09 Stone Mining
16:02 Horse Collar
17:03 Gold Mining
19:09 Heavy Plow
19:25 Bow Saw
27:05 Imperial Age
26:39 Wheelbarrow
28:23 Two-Man Saw
28:38 Crop Rotation
28:34 Husbandry
28:45 Bloodlines
28:33 Arson
30:02 Scale Mail Armor
30:26 Squires
29:46 Pikeman
31:21 Chain Mail Armor
31:35 Halberdier
34:57 Plate Mail Armor
34:33 Scale Barding Armor
34:39 Forging
34:49 Hand Cart
39:42 Chain Barding Armor
39:57 Iron Casting
39:30 Cavalier
41:05 Plate Barding Armor
41:42 Savar
44:29 Gold Shaft Mining
45:19 Blast Furnace
Riky
0:51 Loom
11:00 Feudal Age
16:49 Castle Age
14:33 Horse Collar
17:42 Squires
17:03 Pikeman
19:34 Double-Bit Axe
21:36 Wheelbarrow
20:46 Town Watch
21:59 Bow Saw
31:02 Hand Cart
30:48 Town Patrol
31:12 Ballistics
31:25 Gold Mining
31:26 Stone Mining
31:48 Crossbowman
34:26 Padded Archer Armor
34:17 Fletching
34:41 Heavy Plow
38:05 Imperial Age
37:22 Yeomen
38:15 Bodkin Arrow
38:36 Leather Archer Armor
38:29 Arbalester
39:01 Capped Ram
42:28 Bracer
42:58 Ring Archer Armor
43:08 Gold Shaft Mining
47:52 Chemistry
48:38 Halberdier
55:28 Conscription
LA AMIGA FEA
11:31 Feudal Age
15:47 Castle Age
15:01 Double-Bit Axe
17:38 Forging
17:42 Bloodlines
20:53 Wheelbarrow
21:04 Horse Collar
22:55 Bow Saw
23:44 Loom
24:23 Scale Barding Armor
25:42 Hand Cart
25:19 Town Watch
25:50 Gold Mining
28:37 Imperial Age
27:37 Heavy Plow
27:49 Husbandry
28:07 Stone Mining
29:36 Chain Barding Armor
28:49 Cavalier
29:31 Capped Ram
31:29 Plate Barding Armor
32:59 Iron Casting
33:03 Crop Rotation
34:36 Paladin
39:56 Town Patrol
40:09 Fletching
43:23 Conscription
50:30 Caravan
52:17 Squires
51:38 Pikeman
53:01 Halberdier
53:44 Scale Mail Armor
53:39 Light Cavalry
55:59 Chain Mail Armor
57:27 Bodkin Arrow
xDakaaH
0:27 Loom
11:40 Feudal Age
16:15 Castle Age
14:00 Horse Collar
20:45 Double-Bit Axe
23:25 Heavy Plow
23:56 Gold Mining
23:40 Pikeman
25:49 Wheelbarrow
25:34 Scale Mail Armor
26:06 Bow Saw
27:16 Wheelbarrow
26:32 Eagle Warrior
28:22 Gold Shaft Mining
28:39 Chain Mail Armor
28:44 Hand Cart
30:12 Stone Mining
33:02 Imperial Age
30:38 Squires
31:23 Gambesons
32:18 Stone Shaft Mining
33:57 Elite Eagle Warrior
35:32 Crop Rotation
36:30 Capped Ram
38:04 Plate Mail Armor
37:25 Fletching
38:13 Garland Wars
38:15 Conscription
40:07 Siege Ram
53:59 Elite Skirmisher
58:00 Bodkin Arrow
58:06 Padded Archer Armor
58:10 Atlatl
Connection lost

Rejoining the realm…

Still unreachable

The connection could not be restored.

Session expired

The server has moved on; the page needs a fresh start.